 Dungeon Crawl Stone Soup version 0.27.1 (webtiles) character file.

Game seed: 9520685490360229816

33 Descartes the Scratcher (level 3, -6/17 HPs)
             Began as a Felid Wanderer on Aug 25, 2021.
             Killed by nerve-wracking pain
             ... invoked by an orc priest
              (9 damage)
             ... on level 3 of the Dungeon.
             The game lasted 00:03:27 (2818 turns).

Descartes the Scratcher (Felid Wanderer)            Turns: 2818, Time: 00:03:28

Health: -6/17      AC:  1    Str:  9    XL:     3   Next: 12%
Magic:  4/4        EV: 17    Int: 12    God:
Gold:   104        SH:  0    Dex: 16    Spells: 2/2 levels left
                                        Lives:  0   Deaths: 1

rFire    . . .     SeeInvis +     - Unarmed
rCold    . . .     Faith    .   (shield unavailable)
rNeg     . . .     Spirit   .   (armour unavailable)
rPois    .         Reflect  .   (helmet unavailable)
rElec    .         Harm     .   (cloak unavailable)
rCorr    .         Rampage  .   (gloves unavailable)
Will     .....                  (boots unavailable)
Stlth    +++.......             (no amulet)
HPRegen  0.05/turn              (no ring)
MPRegen  0.09/turn              (no ring)

@: quick
A: very small, claws 1, fangs 3, see invisible, speed 1, shaggy fur 1, stealthy
paws, no weapons or thrown items, no armour, multi-lived
a: no special abilities


You were on level 3 of the Dungeon.
You visited 1 branch of the dungeon, and saw 3 of its levels.

You collected 104 gold pieces.

Inventory:

Missiles
 e - 28 stones
Scrolls
 a - a scroll of fear
 c - a scroll of teleportation
 f - a scroll of acquirement {unknown}
 h - a scroll of brand weapon {unknown}
 i - a scroll of identify {unknown}
Potions
 b - 2 potions of berserk rage
 d - a potion of lignification
 g - a potion of degeneration {unknown}


   Skills:
 + Level 3.5 Fighting
 + Level 2.0 Dodging
 + Level 3.7 Stealth
 + Level 4.4 Unarmed Combat
 - Level 2.0 Evocations


You had 2 spell levels left.
You didn't know any spells.
Your spell library was empty.

Dungeon Overview and Level Annotations

Branches:
Dungeon (3/15)

Altars:
Nemelex Xobeh

Shops:
D:1 [=


Innate Abilities, Weirdness & Mutations

You have sharp claws.
You have razor-sharp teeth.
You have supernaturally acute eyesight. (SInv)
You cover ground quickly. (Speed+)
You are covered in fur. (AC +1)
Your paws help you pounce on unaware monsters.
You are incapable of wielding weapons or throwing items.
You cannot wear armour.
You gain extra lives every three experience levels.


Message History

The orc wizard hits you with a +0 dagger.
You scratch the orc priest.
The orc priest is lightly wounded.
The orc priest misses you. The orc closely misses you.
The orc wizard barely misses you.
You scratch the orc priest but do no damage.
The orc priest is lightly wounded.
The orc priest hits you with a +0 mace. The orc wizard barely misses you.
The orc misses you.
You are too injured to fight recklessly!
You are too injured to fight recklessly!
You are too injured to fight recklessly!
You are too injured to fight recklessly!
You are too injured to fight recklessly!
You are too injured to fight recklessly!
The orc priest miscasts a cantrip.
The orc wizard casts a spell at you. The puff of flame hits you!
Ouch! That really hurt!
You die...
You are now level 3!
You rejoin the land of the living...
Found a long smoking staff.
Found a sparkling altar of Nemelex Xobeh.
Found a hunting sling.
You see here a staff of fire.
You scratch the orc priest but do no damage.
The orc priest is lightly wounded.
The orc priest completely misses you. The orc closely misses you.
You barely miss the orc priest.
The orc priest is lightly wounded.
The orc priest calls down the wrath of Beogh upon you.
Pain shoots through your body!
Ouch! That really hurt!
The orc hits you from afar with a +0 trident.
* * * LOW HITPOINT WARNING * * *
The orc priest calls down the wrath of Beogh upon you.
Pain shoots through your body!
Ouch! That really hurt!
You die...

####.#...####..........##
#.##.## ##.......#.#
#.#### ##.....##.# #.#
##...## # .# . ... ###'##
#.##. ##. .o. .... .
#o####.####.)# #
#.#.......#..#
#.#@#.##.##.#..#
####...#.#...#.#..#
............_......#
#.##....#.#...#.#|##
####.#.##.##.#.#
#.#.......#.#
##.####.####.#
.............#
###.###.######


You could see an orc priest and an orc.

Vanquished Creatures
  2 adders (D:2)
  2 dart slugs
  2 orcs (D:3)
  4 endoplasms
  3 giant cockroaches
  8 goblins
  6 hobgoblins
  4 quokkas (D:1)
  6 ball pythons
  3 bats
  2 frilled lizards (D:1)
  4 kobolds
  3 rats
49 creatures vanquished.

Notes
Turn   | Place    | Note
-------+----------+-------------------------------------------
     0 | D:1      | Descartes the Felid Wanderer began the quest for the Orb.
     0 | D:1      | Descartes set off with the following items: a scroll of
                  | fear, a potion of berserk rage, a scroll of teleportation,
                  | a potion of lignification
     0 | D:1      | Reached XP level 1. HP: 10/10 MP: 2/2
    61 | D:1      | Found Sonea's Armour Shoppe.
   292 | D:1      | Reached XP level 2. HP: 14/14 MP: 3/3
   307 | D:1      | Reached skill level 1 in Dodging
   547 | D:1      | Found a faded altar of an unknown god.
   972 | D:1      | Found Wodufo's Jewellery Shoppe.
  1215 | D:1      | Reached XP level 3. HP: 16/17 MP: 4/4
  2399 | D:2      | Reached XP level 4. HP: 21/21 MP: 5/5
  2795 | D:3      | Killed from afar by an orc wizard
  2796 | D:3      | Reached XP level 3. HP: -4/17 MP: 4/4
  2796 | D:3      | Found a sparkling altar of Nemelex Xobeh.
  2818 | D:3      | Killed from afar by an orc priest

Illustrated notes

Levels and vault maps discovered:
D:1:      dpeg_arrival_solitude, layout_loops_ring, serial_shops,
          nicolae_square_shop, shop, shapermc_ecumenical_altar_acropolis,
          kennysheep_pointless_box
D:2:      layout_loops_corners, solitary_fountain
D:3:      layout_loops_corners, bloody_trog, mainiacjoe_overflow_alcove_1,
          tso_altar, nicolae_overflow_crystal_walls

Skill      XL: |  1  2  3 |
---------------+----------+-----
Stealth        | 3 |  3.7
Dodging        | 1 2 |  2.0
Evocations     | 2 |  2.0
Fighting       | |  3.5
Unarmed Combat | |  4.4

Action                   |  1- 3 |  4- 6 || total
-------------------------+-------+-------++-------
Melee: Unarmed           |   102 |    11 ||   113
       Bite              |     5 |     1 ||     6
 Stab: Sleeping          |    19 |     1 ||    20
Armor: Skin              |     6 |     1 ||     7
Dodge: Dodged            |    54 |    12 ||    66
